 Dungeon Crawl Stone Soup version 0.21-a0-584-g185da8e (webtiles) character file.

1676 tsouns the Martial Artist (level 9, -3/48 HPs)
             Began as a Vine Stalker Transmuter on Dec 20, 2017.
             Was a Priest of Okawaru.
             Slain by a sixfirhy (8 damage)
             ... summoned by an orc sorcerer
             ... on level 7 of the Dungeon.
             The game lasted 00:19:10 (5357 turns).

tsouns the Martial Artist (Vine Stalker Transmuter) Turns: 5357, Time: 00:19:11

Health: -3/48      AC: 12    Str: 14    XL:     9   Next: 1%
Magic:  0/13       EV: 13    Int: 14    God:    Okawaru [***...]
Gold:   311        SH:  0    Dex: 22    Spells: 2/12 levels left

rFire    + . .     SeeInvis .     - Unarmed
rCold    . . .     Gourm    .   (no shield)
rNeg     + . .     Faith    .   k - +2 leather armour {rF+}
rPois    .         Spirit   +   p - +2 hat
rElec    .         Reflect  .   l - +2 cloak
rCorr    .         Harm     .   m - +1 pair of gloves
MR       +....                  (no boots)
Stlth    ++........             v - amulet of regeneration
HPRegen  0.96/turn              f - +6 ring of dexterity
MPRegen  0.13/turn              t - ring of positive energy

@: about to teleport
A: fangs 3, regeneration 1, magic shield, antimagic bite, no potion heal 3, rot
immunity
a: Heroism, Renounce Religion


You were on level 7 of the Dungeon.
You worshipped Okawaru.
Okawaru was most pleased with you.
You were not hungry.

You visited 1 branch of the dungeon, and saw 7 of its levels.

You collected 311 gold pieces.

Inventory:

Missiles
 a - 148 arrows
 h - 188 stones (quivered)
 o - 4 javelins
Armour
 b - a +0 robe
 k - a +2 leather armour of fire resistance (worn)
 l - a +2 cloak (worn)
 m - a +1 pair of gloves (worn)
 p - a +2 hat (worn)
Jewellery
 f - a +6 ring of dexterity (left hand)
 t - a ring of positive energy (right hand)
 v - an amulet of regeneration (around neck)
Scrolls
 i - 4 scrolls of fog
 j - 6 scrolls of remove curse
 s - 2 scrolls of teleportation
 u - 4 scrolls of amnesia
 x - a scroll of enchant armour
Potions
 e - a potion of lignification {unknown}
 g - a potion of might
 n - a potion of mutation
 q - a potion of cancellation
 r - 3 potions of curing
 w - 2 potions of invisibility
 A - 2 potions of ambrosia {unknown}
 B - a potion of heal wounds {unknown}
Books
 c - a book of Changes

   Spells                             Type                      Level
   a - Beastly Appendage              Transmutation                1
   b - Sticks to Snakes               Transmutation                2
   c - Spider Form                    Transmutation/Poison         3
   d - Ice Form                       Ice/Transmutation            4
   e - Blade Hands                    Transmutation                5
 y - a book of Necromancy

   Spells                             Type                      Level
   a - Pain                           Necromancy                   1
   b - Animate Skeleton               Necromancy                   1
   c - Vampiric Draining              Necromancy                   3
   d - Regeneration                   Charms/Necromancy            3
   e - Animate Dead                   Necromancy                   4
   f - Control Undead                 Necromancy                   4
 z - a book of Minor Magic

   Spells                             Type                      Level
   a - Magic Dart                     Conjuration                  1
   b - Blink                          Translocation                2
   c - Call Imp                       Summoning                    2
   d - Slow                           Hexes                        2
   e - Conjure Flame                  Conjuration/Fire             3
   f - Mephitic Cloud                 Conjuration/Poison/Air       3
Comestibles
 d - 9 rations
 C - 7 chunks of flesh


   Skills:
 + Level 5.9 Fighting
 + Level 2.8 Dodging
 - Level 1.9 Stealth
 * Level 8.0 Unarmed Combat
 - Level 2.1 Spellcasting
 + Level 2.0 Transmutations
 - Level 3.6 Invocations


You had 2 spell levels left.
You knew the following spells:

 Your Spells              Type           Power        Failure   Level  Hunger
a - Beastly Appendage     Tmut           #.....       13%         1    #......
b - Sticks to Snakes      Tmut           #.......     21%         2    ###....
c - Spider Form           Tmut/Pois      #.........   52%         3    ###....
d - Ice Form              Ice/Tmut       #.......     89%         4    #####..


Dungeon Overview and Level Annotations

Branches:
Dungeon (7/15)             Temple (0/1) D:4

Altars:
Ashenzari
Gozag
Okawaru
Trog
Vehumet
Yredelemnul
The Shining One

Shops:
D:7 [


Innate Abilities, Weirdness & Mutations

You have razor-sharp teeth.
Your natural rate of healing is unusually fast.
When hurt, damage is shared between your health and your magic reserves.
Your bite disrupts and absorbs the magic of your enemies.
Potions cannot restore your health.
You are immune to rotting.


Message History

The orc sorcerer falters for a moment.
Your ball python bites the sixfirhy but does no damage.
Your ball python barely misses the sixfirhy.
Your ball python bites the orc sorcerer but does no damage.
Your ball python constricts the orc sorcerer.
Your ball python closely misses the sixfirhy.
Your ball python barely misses the sixfirhy.
Your ball python bites the orc sorcerer but does no damage.
Your ball python constricts the orc sorcerer.
The orc sorcerer struggles to escape constriction.
The sixfirhy hits your ball python.
Your ball python dies!
The sixfirhy hits you.
* * * LOW HITPOINT WARNING * * *
The sixfirhy shocks you!
* * * LOW HITPOINT WARNING * * *
The sixfirhy hits you.
* * * LOW HITPOINT WARNING * * *
The sixfirhy shocks you!
You die...

.....# #......# ..
.....# +......# ...
.....# #......# ...<
.....# #......####..
.....########....S...#
.....#......#.....o..#
.....#......#........#
.....#......#.>..3...#
.....'......#...@#####
.....#..#####....#
##+###..##..#....#
.....#......#....#
.≈.≈.#......#....#
.._..'.###.##....#
.≈.≈.#..##.#.....#
.....#.....#.÷...#
##'###.....#.....#


You could see a sixfirhy, an orc sorcerer and a friendly ball python.

Vanquished Creatures
  A hippogriff (D:7)
  2 sky beasts
  4 centaurs
  2 bullfrogs
  3 crimson imps (D:5)
  A bullfrog zombie (D:5)
  4 hounds
  2 jellies
  3 centaur skeletons
  2 iguanas (D:5)
  4 orc wizards
  5 worker ants
  A worker ant zombie (D:7)
  A river rat (D:5)
  6 adders
  An adder skeleton (D:4)
  5 worms
  3 leopard geckos
  17 orcs
  5 giant cockroaches
  10 hobgoblins
  2 jackals (D:5)
  7 kobolds
  3 quokkas
  A ball python (D:5)
  4 bats
  6 frilled lizards
  5 goblins
  A leopard gecko skeleton (D:5)
  A quokka skeleton (D:5)
  12 rats
124 creatures vanquished.

Vanquished Creatures (others)
  An orc wizard (D:3)
1 creature vanquished.

Grand Total: 125 creatures vanquished

Notes
Turn   | Place    | Note
-------+----------+-------------------------------------------
     0 | D:1      | tsouns the Vine Stalker Transmuter began the quest for the Orb.
     0 | D:1      | Reached XP level 1. HP: 9/9 MP: 4/4
    76 | D:1      | Reached skill level 1 in Fighting
   681 | D:2      | Reached XP level 2. HP: 14/14 MP: 6/6
   927 | D:2      | Reached XP level 3. HP: 18/18 MP: 7/7
  1129 | D:3      | Reached skill level 4 in Unarmed Combat
  1154 | D:3      | Learned a level 2 spell: Sticks to Snakes
  1158 | D:3      | Learned a level 3 spell: Spider Form
  1160 | D:3      | You fall through a shaft for 2 floors!
  1160 | D:5      | Entered Level 5 of the Dungeon
  1170 | D:5      | Gained mutation: Your natural rate of healing is unusually fast. [Vine Stalker growth]
  1170 | D:5      | Reached XP level 4. HP: 23/23 MP: 8/8
  1205 | D:5      | Noticed a sky beast
  1225 | D:5      | Killed a sky beast
  1225 | D:5      | Reached skill level 5 in Unarmed Combat
  1225 | D:5      | Reached XP level 5. HP: 6/28 MP: 1/9
  1374 | D:3      | Reached XP level 6. HP: 28/32 MP: 10/10
  1871 | D:3      | Found a shattered altar of Ashenzari.
  1871 | D:3      | Found a glowing golden altar of the Shining One.
  1878 | D:3      | Found a faded altar of an unknown god.
  1880 | D:3      | Found a basalt altar of Yredelemnul.
  1882 | D:3      | Found a faded altar of an unknown god.
  1900 | D:3      | Became a worshipper of Warmaster Okawaru
  1900 | D:3      | Reached * piety under Okawaru
  2492 | D:4      | Reached skill level 1 in Invocations
  2846 | D:4      | Found a staircase to the Ecumenical Temple.
  2969 | D:5      | Reached XP level 7. HP: 37/37 MP: 11/11
  3055 | D:5      | Reached skill level 6 in Unarmed Combat
  3143 | D:5      | Reached ** piety under Okawaru
  3300 | D:5      | Found a bloodstained altar of Trog.
  3445 | D:5      | Gained mutation: You have razor-sharp teeth. [Vine Stalker growth]
  3445 | D:5      | Reached XP level 8. HP: 42/42 MP: 12/12
  3458 | D:5      | Reached skill level 5 in Fighting
  3609 | D:5      | Found an opulent altar of Gozag.
  3904 | D:6      | Reached skill level 7 in Unarmed Combat
  4614 | D:7      | Found Neogeupo's Armour Boutique.
  4664 | D:7      | Found a radiant altar of Vehumet.
  4764 | D:7      | Noticed a wizard
  4765 | D:7      | Noticed a wizard
  4768 | D:7      | Noticed an orc sorcerer
  4913 | D:7      | Reached *** piety under Okawaru
  5156 | D:7      | Learned a level 4 spell: Ice Form
  5237 | D:7      | Noticed a hippogriff
  5253 | D:7      | Killed a hippogriff
  5253 | D:7      | Reached skill level 1 in Stealth
  5253 | D:7      | Reached skill level 8 in Unarmed Combat
  5253 | D:7      | Reached XP level 9. HP: 14/48 MP: 5/13
  5352 | D:7      | Noticed a sixfirhy
  5357 | D:7      | Slain by a sixfirhy

Vault maps used:
D:1:      dpeg_arrival_fog, minmay_misc_feat_square
D:2:      first_ration
D:3:      chequers_temple_overflow_minitemple, st_stairs_5
D:4:      minmay_temple_entry_poolview
D:5:      nicolae_gozag_seed_capital, portal_sewer_entry_a, basic_altar
D:6:      centaur_isle
D:7:      cheibrodos_wizards_tower, kennysheep_little_box, serial_shops, shop

Skill      XL: |  1  2  3  4  5  6  7  8 |
---------------+-------------------------+-----
Fighting       | 1 2 3 4 5 |  5.9
Unarmed Combat | 4 5 6 8 |  8.0
Invocations    | 1 3 |  3.6
Dodging        | 2 |  2.8
Stealth        | 1 |  1.9
Spellcasting   | |  2.1
Transmutations | |  2.0

Action                   |  1- 3 |  4- 6 |  7- 9 || total
-------------------------+-------+-------+-------++-------
Melee: Unarmed           |    82 |   154 |   176 ||   412
       Bite              |    24 |    53 |    73 ||   150
       Punch             |     1 |     2 |    15 ||    18
       Headbutt          |     1 |     3 |       ||     4
       Kick              |       |     4 |       ||     4
Throw: Stone             |       |     4 |       ||     4
 Cast: Beastly Appendage |     1 |     2 |       ||     3
       Spider Form       |       |     1 |     1 ||     2
       Sticks to Snakes  |       |       |     3 ||     3
  Use: Scroll            |     6 |     6 |     6 ||    18
       Potion            |       |       |     1 ||     1
 Stab: Sleeping          |     2 |     3 |     6 ||    11
  Eat: Chunk             |     1 |     5 |     4 ||    10
       Ration            |       |     1 |     1 ||     2
Armor: Robe              |    21 |    25 |    46 ||    92
       Leather armour    |       |       |     7 ||     7
Dodge: Dodged            |    35 |    63 |   102 ||   200

Table legend:
 A = Spawn XP
 B = Non-spawn XP
 C = Spawn XP percentage of total XP
 D = Spawn monster count
 E = Non-spawn monster count
 F = Spawn count percentage of total count
 G = Total turns spent on level
                    A         B        C        D         E        F      G
               +---------+---------+-------+---------+---------+-------+---------
         Total |       0 |    2395 |   0.0 |       0 |     125 |   0.0 |  5357
               +---------+---------+-------+---------+---------+-------+---------
           D:1 |       0 |       9 |   0.0 |       0 |       5 |   0.0 |   673
           D:2 |       0 |      39 |   0.0 |       0 |      26 |   0.0 |   463
           D:3 |       0 |     264 |   0.0 |       0 |      39 |   0.0 |   894
           D:4 |       0 |     100 |   0.0 |       0 |       9 |   0.0 |   753
           D:5 |       0 |    1108 |   0.0 |       0 |      31 |   0.0 |  1072
           D:6 |       0 |     352 |   0.0 |       0 |       8 |   0.0 |   867
           D:7 |       0 |     523 |   0.0 |       0 |       7 |   0.0 |   635
               +---------+---------+-------+---------+---------+-------+---------
